 Dungeon Crawl Stone Soup version 0.28.0-53-g5a82cb258f (webtiles) character file.

Game seed: 4871897866810138297

58 worthlessgem the Changer (level 3, -4/21 (22) HPs)
             Began as a Felid Transmuter on Aug 23, 2022.
             Slain by Menkaure (12 damage)
             ... on level 4 of the Dungeon.
             The game lasted 00:12:33 (3680 turns).

worthlessgem the Changer (Felid Transmuter)         Turns: 3680, Time: 00:12:33

HP:   -4/21 (22)    AC:  1    Str:  5 (6)  XL:     3   Next: 76%
MP:   8/8           EV: 17    Int: 15 (16) God:
Gold: 97            SH:  0    Dex: 15 (16) Spells: 4/8 levels left
                                        Lives: 0   Deaths: 0

rFire   . . .      SeeInvis +     - Unarmed
rCold   . . .      Faith    .   (shield unavailable)
rNeg    . . .      Spirit   .   (armour unavailable)
rPois   .          Reflect  .   (helmet unavailable)
rElec   .          Harm     .   (cloak unavailable)
rCorr   .          Rampage  .   (gloves unavailable)
Will    .....                   (boots unavailable)
Stlth   ..........              (no amulet)
HPRegen 0.07/turn               (no ring)
MPRegen 0.11/turn               (no ring)

@: berserking, drained, very quick
A: very small, claws 1, fangs 3, see invisible, speed 1, shaggy fur 1, stealthy
paws, no weapons or thrown items, no armour, multi-lived
a: no special abilities


You were on level 4 of the Dungeon.
You visited 1 branch of the dungeon, and saw 4 of its levels.

You collected 97 gold pieces.

Inventory:

Missiles
 b - 91 stones
Scrolls
 a - a scroll of identify {unknown}
 h - a scroll of vulnerability {unknown}
 i - 2 scrolls of teleportation {unknown}
 j - a scroll of brand weapon {unknown}
 k - a scroll of noise {unknown}
 l - a scroll of fog {unknown}
Potions
 d - a potion of degeneration
 e - a potion of curing
 g - a potion of heal wounds {unknown}


   Skills:
 - Level 1.0 Fighting
 - Level 2.6 Dodging
 - Level 3.0 Unarmed Combat
 - Level 3.0 Spellcasting
 + Level 3.2 Transmutations
 + Level 1.1 Poison Magic


You had 4 spell levels left.
You knew the following spells:

 Your Spells              Type           Power      Damage    Failure   Level
a - Beastly Appendage     Tmut           24%        N/A       5%          1
b - Spider Form           Tmut/Pois      8%         N/A       24%         3

Your spell library contained the following spells:

 Spells                   Type           Power      Damage    Failure   Level
 Wereblood                Tmut           12%        N/A       8%          2
 Ice Form                 Ice/Tmut       7%         N/A       71%         4


Dungeon Overview and Level Annotations

Branches:
Dungeon (4/15)
 Temple: D:4-7

Altars:

Annotations:
D:2 Sigmund
D:3 1 runed translucent door, exclusion: adder, Crazy Yiuf, Natasha
D:4 Menkaure


Innate Abilities, Weirdness & Mutations

You have sharp claws.
You have razor-sharp teeth.
You have supernaturally acute eyesight. (SInv)
You cover ground quickly. (Speed+)
You are covered in fur. (AC +1)
Your paws help you pounce on unaware monsters.
You are incapable of wielding weapons or throwing items.
You cannot wear armour.
You gain extra lives every three experience levels.


Message History

You kill the ball python!
No target in view!
Magic restored.
Your transformation is almost over.
Your horns disappear.
HP restored.
You now have 97 gold pieces (gained 8).
An iguana comes into view.
Menkaure, Prince of Dust comes into view.
Menkaure shouts!
Casting: Beastly Appendage (safe; 4% risk of failure)
Confirm with . or Enter, or press ? or * to list all spells.
Okay, then.
You aren't carrying any items that you can evoke.
Okay, then.
It was a potion of degeneration.
There was something very wrong with that liquid.
You feel weakened.
You feel dopey.
You feel clumsy.
Menkaure casts a spell.
Menkaure seems to speed up.
It was a potion of curing.
You feel better.
It was a potion of magic.
Magic courses through your body.
Menkaure calls on the powers of darkness!
Your body is wracked with pain!
It was a potion of berserk rage.
A red film seems to cover your vision as you go berserk!
You feel yourself moving faster!
You feel mighty! Menkaure hits you.
You scratch Menkaure.
Menkaure is lightly damaged.
You scratch Menkaure.
Menkaure is moderately damaged.
Menkaure barely misses you.
You barely miss Menkaure.
Menkaure is moderately damaged.
Menkaure barely misses you.
You barely miss Menkaure. You bite Menkaure!
Menkaure is severely damaged.
Menkaure hits you!
Ouch! That really hurt!
You die...

.####.#.##.# #.....#
#.#.##.# #######
#.#.##.# #......#
###.###### #.# ..
#####.# .#####. ###
##...#.###.......
####.###.###....@.......
.........# #.####M......
####.###.###.# .......
....## ##...## .......
###.# ##..# ####### #.#
##.# # #.# #.# ###.###
#.# #.....# #.#


You could see Menkaure (fast).

Vanquished Creatures
  A dart slug (D:3)
  2 orcs (D:3)
  3 ball pythons
  4 endoplasms
  A giant cockroach (D:1)
  8 goblins
  7 hobgoblins
  2 quokkas
  6 bats
  A frilled lizard (D:2)
  9 kobolds
  3 rats (D:1)
47 creatures vanquished.

Notes
Turn   | Place    | Note
-------+----------+-------------------------------------------
     0 | D:1      | worthlessgem the Felid Transmuter began the quest for the
                  | Orb.
     0 | D:1      | Reached XP level 1. HP: 9/9 MP: 4/4
   153 | D:1      | Reached XP level 2. HP: 8/12 MP: 4/6
  1032 | D:1      | Reached XP level 3. HP: 12/15 MP: 6/8
  1432 | D:2      | Noticed Sigmund
  1482 | D:3      | Learned a level 3 spell: Spider Form
  1843 | D:3      | Noticed Natasha
  2112 | D:3      | Reached skill level 1 in Poison Magic
  2644 | D:3      | Found a runed translucent door.
  2645 | D:3      | Noticed Crazy Yiuf
  3117 | D:4      | Noticed a necrophage
  3672 | D:4      | Noticed Menkaure
  3680 | D:4      | Slain by Menkaure

Illustrated notes

Levels and vault maps discovered:
D:1:      zaba_arrival_water, layout_basic, nrook_uturn
D:2:      layout_basic, ebering_ecumenical_altar_sacrificial, uniq_sigmund
D:3:      layout_basic, minmay_ruptured, uniq_natasha, uniq_crazy_yiuf_cottage
D:4:      layout_loops_cross, uniq_menkaure, uniq_eustachio

Skill      XL: |  1  2  3 |
---------------+----------+-----
Spellcasting   | 3 |  3.0
Transmutations | 3 |  3.2
Poison Magic   | 1 |  1.1
Fighting       | |  1.0
Dodging        | |  2.6
Unarmed Combat | |  3.0

Action                   || total
-------------------------++-------
Melee: Unarmed           ||   125
       Headbutt          ||    11
       Punch             ||     2
       Bite              ||    13
 Cast: Beastly Appendage ||    32
       Spider Form       ||     1
  Use: Potion            ||     4
 Stab: Sleeping          ||     1
Armor: Skin              ||     9
Dodge: Dodged            ||    81
